 Dungeon Crawl Stone Soup version 0.24-a0-274-gb3763e6 (webtiles) character file.

Game seed: 12118228742712076387

550 Lanoc the Slasher (level 7, -15/163 HPs)
             Began as a Black Draconian Monk on Apr 26, 2019.
             Demolished by Pikel
             ... wielding a +0 whip of electrocution
              (18 damage)
             ... on level 5 of the Dungeon.
             The game lasted 00:09:30 (3719 turns).

Lanoc the Slasher (Black Draconian Monk)            Turns: 3719, Time: 00:09:31

Health: -15/163    AC: 23    Str: 16 (18) XL:     7   Next: 7%
Magic:  7/7        EV:  2    Int:  8 (11) God:
Gold:   139        SH:  0    Dex: 14 (15) Spells: 6/6 levels left

rFire    . . .     SeeInvis .   s - +0 falchion (holy)
rCold    . . .     Gourm    .   (no shield)
rNeg     + + +     Faith    .   (armour unavailable)
rPois    +         Spirit   .   (helmet currently unavailable)
rElec    .         Reflect  .   (cloak currently unavailable)
rCorr    .         Harm     .   (gloves currently unavailable)
MR       .....     NoTele   +   (boots currently unavailable)
Stlth    ..........             (no amulet)
HPRegen  0.37/turn              (no ring)
MPRegen  0.10/turn              f - ring of flight

@: mighty, berserking, tree-form (expiring), very quick
A: (breathe lightning), unfitting armour, robust 2, AC +6
a: no special abilities


You were on level 5 of the Dungeon.
You were not hungry.
You were a tree.
You visited 1 branch of the dungeon, and saw 5 of its levels.

You collected 139 gold pieces.

Inventory:

Hand Weapons
 s - a +0 falchion of holy wrath (weapon)
Missiles
 r - a throwing net (quivered)
Armour
 c - a +1 pair of gloves (melded)
Jewellery
 e - an uncursed ring of fire
 f - a ring of flight (right branch)
Wands
 u - a wand of random effects (9)
Scrolls
 a - a scroll of identify {unknown}
 d - 2 scrolls of fear {unknown}
 g - 3 scrolls of immolation {unknown}
 i - 2 scrolls of teleportation {unknown}
 j - a scroll of noise {unknown}
 m - 4 scrolls of remove curse {unknown}
 n - a scroll of enchant weapon {unknown}
 q - a scroll of amnesia {unknown}
 t - 2 scrolls of enchant armour {unknown}
Potions
 h - a potion of degeneration
 l - a potion of might
 p - 2 potions of curing
Comestibles
 b - 5 rations


   Skills:
 + Level 5.2 Fighting
 * Level 6.1 Long Blades
 + Level 4.3 Dodging
 - Level 1.7 Stealth


You had 6 spell levels left.
You didn't know any spells.
Your spell library was empty.

Dungeon Overview and Level Annotations

Branches:
Dungeon (5/15)
 Temple: D:4-7

Altars:
Cheibriados
Fedhas
Gozag
Trog
Xom
Yredelemnul

Shops:
D:4 *

Annotations:
D:5 Pikel


Innate Abilities, Weirdness & Mutations

((You can breathe wild blasts of lightning.))
((Your glossy black scales are hard. (AC +6)))
You cannot fit into any form of body armour.
((You are resistant to electric shocks. (rElec)))
((You are cold-blooded and may be slowed by cold attacks.))
((You have a pair of small horns on your head.))
You are very robust. (+20% HP)


Message History

You barely miss Pikel.
Pikel is moderately wounded.
The slave hits you but does no damage.
Pikel zaps a wand.
You resist with some effort.
You slash Pikel!
Pikel is severely wounded.
The slave hits you.
* * * LOW HITPOINT WARNING * * *
The slave hits you.
* * * LOW HITPOINT WARNING * * *
Pikel zaps a wand.
You resist with some effort.
The now-empty wand crumbles to dust.
You hit Pikel.
Pikel is severely wounded.
The slave hits you but does no damage.
You hit Pikel but do no damage.
Pikel is severely wounded.
The slave hits you but does no damage. Pikel hits you but does no damage.
You are electrocuted!!
You die...

^................
........!..........
....................
....................
.......(..>.........
#..............
#.............##
##..pp..........
##.♣K.........
.........#[.#....#
.....^^..###.##...#
........^_^..# #.p#..#
.......^^^..###.....###
.....................#
###.
#..........#####.....#
#.... ###.#........#
##....##...#
#..........####
#.....#...#


You could see Pikel and 2 slaves.

Vanquished Creatures
  2 slaves (D:5)
  A phantom (D:4)
  A scorpion (D:4)
  A howler monkey (D:5)
  A crimson imp (D:4)
  2 orc wizards (D:4)
  An iguana (D:4)
  4 worker ants (D:4)
  A gnoll (D:1)
  A howler monkey skeleton (D:4)
  5 adders
  A shadow imp (D:5)
  An ooze (D:5)
  An adder skeleton (D:5)
  A worm (D:4)
  5 dart slugs
  A leopard gecko (D:2)
  9 orcs
  10 giant cockroaches
  7 goblins
  4 hobgoblins
  4 kobolds
  2 quokkas (D:4)
  3 ball pythons
  6 bats
  8 frilled lizards
  7 rats
90 creatures vanquished.

Notes
Turn   | Place    | Note
-------+----------+-------------------------------------------
     0 | D:1      | Lanoc the Draconian Monk began the quest for the Orb.
     0 | D:1      | Reached XP level 1. HP: 19/19 MP: 1/1
    89 | D:1      | Reached XP level 2. HP: 3/26 MP: 2/2
   513 | D:1      | Reached XP level 3. HP: 31/31 MP: 3/3
   770 | D:2      | Found a snail-covered altar of Cheibriados.
   896 | D:2      | Reached skill level 4 in Long Blades
  1038 | D:3      | Found a shimmering altar of Xom.
  1045 | D:3      | Reached XP level 4. HP: 36/40 MP: 4/4
  1055 | D:3      | Found a bloodstained altar of Trog.
  1382 | D:3      | Found a basalt altar of Yredelemnul.
  1386 | D:3      | Found a blossoming altar of Fedhas.
  1769 | D:4      | Noticed a phantom
  1922 | D:4      | Found an opulent altar of Gozag.
  1933 | D:4      | Reached XP level 5. HP: 30/46 MP: 5/5
  1936 | D:4      | Found Gozag's Platinum Reserve.
  2315 | D:4      | Reached skill level 5 in Long Blades
  2464 | D:4      | Reached XP level 6. HP: 52/53 MP: 6/6
  2826 | D:4      | Reached skill level 5 in Fighting
  3536 | D:5      | Entered Level 5 of the Dungeon
  3546 | D:5      | Reached skill level 6 in Long Blades
  3568 | D:5      | Your scales start taking on a glossy black colour.
  3568 | D:5      | Reached XP level 7. HP: 56/61 MP: 7/7
  3568 | D:5      | Gained mutation: You are resistant to electric shocks.
                  | (rElec) [Black Draconian growth]
  3582 | D:5      | Found a shimmering altar of Xom.
  3630 | D:5      | Noticed Pikel
  3714 | D:5      | Gained mutation: You are robust. (+10% HP) [potion of
                  | mutation]
  3714 | D:5      | Gained mutation: You have a pair of small horns on your
                  | head. [potion of mutation]
  3714 | D:5      | Gained mutation: You are very robust. (+20% HP) [potion of
                  | mutation]
  3717 | D:5      | HP: 8/163 [slave[Pikel] (3)]
  3717 | D:5      | HP: 2/163 [slave[Pikel] (6)]
  3719 | D:5      | Demolished by Pikel

Levels and vault maps discovered:
D:1:      minmay_arrival_nine_rooms, layout_basic
D:2:      layout_loops_cross, cheibriados_altar_1, chequers_mini_garden,
          chequers_serial_rivers_micro_c, uniq_crazy_yiuf_cottage
D:3:      layout_basic, overflow_temple_1_default, minitemple, first_ration,
          trog_three_pillars_becter
D:4:      layout_basic, nicolae_gozag_zags_fifth_avenue
D:5:      layout_cave_pools, xom_teletrap_fun, uniq_pikel

Skill      XL: |  1  2  3  4  5  6 |
---------------+-------------------+-----
Dodging        | 3 4 |  4.3
Long Blades    | 4 5 6 |  6.1
Fighting       | 4 5 |  5.2
Stealth        | |  1.7

Action                   |  1- 3 |  4- 6 |  7- 9 || total
-------------------------+-------+-------+-------++-------
Melee: Falchion          |    87 |   285 |    35 ||   407
       Tailslap          |    16 |    40 |     3 ||    59
 Abil: Breathe Lightning |       |       |     1 ||     1
  Use: Potion            |       |       |     5 ||     5
 Stab: Distracted        |     1 |     1 |       ||     2
       Sleeping          |     6 |     2 |       ||     8
  Eat: Chunk             |       |     7 |       ||     7
       Ration            |       |       |     1 ||     1
Armor: Skin              |    28 |    81 |    42 ||   151
Dodge: Dodged            |    65 |   175 |     9 ||   249
       Rpst.: Falchion   |    21 |    57 |     1 ||    79

Table legend:
 A = Non-vault XP
 B = Vault XP
 C = Vault XP percentage of total XP
 D = Non-vault monster count
 E = Vault monster count
 F = Vault count percentage of total count
                 A         B        C        D         E       F
            +---------+---------+-------+---------+---------+-------
      Total |     787 |       0 |   0.0 |      88 |       0 |   0.0
            +---------+---------+-------+---------+---------+-------
        D:1 |      63 |       0 |   0.0 |      27 |       0 |   0.0
        D:2 |      19 |       0 |   0.0 |      12 |       0 |   0.0
        D:3 |      79 |       0 |   0.0 |      18 |       0 |   0.0
        D:4 |     549 |       0 |   0.0 |      27 |       0 |   0.0
        D:5 |      77 |       0 |   0.0 |       4 |       0 |   0.0
            +---------+---------+-------+---------+---------+-------
